Map: Reclamation LE

Players

Epick

  • Race: Terran Terran
  • Spawn Location: 6:00

SPRIT

  • Race: Terran Terran
  • Spawn Location: 5:00

DEFENCEGIRLY - Winner!

  • Race: Terran Terran
  • League: Bronze
  • Spawn Location: 11:00

David - Winner!

  • Race: Terran Terran
  • Spawn Location: 12:00

VOD

Have the link to the VOD?

Description

Time

  • Played on: April 11, 2025, 12:15 p.m.
  • Length: 8:00
Show
View Real Time Build Order
Export as new Build Order

Epick Terran 

Build Orders:  

Get SALT Encoding   

  12  0:13  SCV  
  13  0:25  Supply Depot, SCV  
  14  0:49  Barracks  
  14  0:53  Supply Depot, SCV  
  15  0:59  Refinery  
  15  1:01  Refinery  
  15  1:05  SCV, Barracks  
  16  1:17  SCV  
  17  1:29  Supply Depot, SCV  
  18  1:41  SCV, Barracks  
  18  1:42  Marine  
  20  1:54  SCV  
  21  2:00  Marine  
  22  2:06  SCV  
  23  2:14  Barracks Tech Lab  
  23  2:18  SCV, Marine  
  23  2:22  Factory  
  25  2:30  SCV  
  25  2:36  Marine  
  25  2:53  Barracks Reactor  
  25  2:59  Supply Depot  
  25  3:01  Combat Shield  
  25  3:05  Marine  
  25  3:07  Factory Tech Lab  
  26  3:13  Armory  
  26  3:22  Supply Depot  
  26  3:23  Marine  
  27  3:38  Marine x2  
  27  3:41  Marine  
  30  3:52  Supply Depot  
  30  3:54  Orbital Command  
  30  3:55  Marine  
  30  3:56  Marine  
  30  3:57  Barracks Reactor  
  32  4:03  Terran Vehicle And Ship Armor Level 1  
  32  4:07  Factory  
  32  4:13  Marine x2  
  32  4:16  Supply Depot  
  34  4:24  SCV  
  35  4:36  SCV  
  36  4:38  Supply Depot  
  36  4:41  Marine x2  
  36  4:44  Marine x2  
  36  4:45  Barracks Reactor  
  40  4:47  Thor  
  40  4:52  Factory Tech Lab  
  46  4:59  Marine x2  
  48  5:01  Factory  
  48  5:02  Marine x2  
  50  5:11  Supply Depot  
  50  5:42  Supply Depot  
  50  5:46  Thor, Starport  
  50  5:49  Thor  
  62  5:53  Marine x2  
  62  5:54  Marine x4  
  68  6:01  Terran Vehicle Weapons Level 1  
  68  6:05  Supply Depot  
  68  6:28  Starport Reactor  
  66  6:56  Command Center  
  66  7:05  Thor  
  66  7:08  Thor  
Show
View Real Time Build Order
Export as new Build Order

SPRIT Terran 

Build Orders:  

Get SALT Encoding   

  12  0:34  Supply Depot  
  12  0:41  Supply Depot  
  12  1:12  Barracks  
  12  1:13  SCV  
  14  1:25  SCV  
  14  1:37  SCV  
  15  1:53  SCV  
  16  1:58  Refinery  
  16  2:01  Barracks  
  16  2:02  Refinery  
  16  2:05  SCV, Marine  
  18  2:17  SCV  
  19  2:26  Marine  
  20  2:44  Marine  
  20  2:50  Barracks  
  21  3:13  Marine  
  21  3:17  Orbital Command  
  22  3:20  Barracks Reactor  
  22  3:31  Marine  
  23  3:39  Supply Depot  
  23  4:07  Barracks Reactor  
  23  4:11  Supply Depot  
  23  4:15  Barracks Tech Lab  
  23  4:17  SCV  
  24  4:29  SCV  
  25  4:34  Supply Depot  
  25  4:41  SCV  
  26  4:53  SCV  
  27  5:05  SCV  
  24  5:26  Marine x5  
  11  5:43  Marine  
  11  5:44  Marine  
Show
View Real Time Build Order
Export as new Build Order

DEFENCEGIRLY Terran - Winner!

Build Orders: Gas First Reaper Expand, Liberator Opening 

Get SALT Encoding   

  12  0:00  SCV  
  13  0:12  SCV  
  14  0:18  Supply Depot  
  14  0:25  SCV  
  15  0:31  Refinery  
  15  0:41  Barracks  
  15  0:45  SCV  
  16  0:58  SCV  
  17  1:10  SCV  
  18  1:22  SCV  
  19  1:29  Reaper  
  20  1:34  Orbital Command  
  20  1:49  Command Center  
  20  1:57  Refinery  
  20  2:02  Barracks Reactor  
  20  2:04  Supply Depot  
  20  2:15  Factory  
  20  2:17  SCV  
  21  2:29  SCV  
  22  2:38  Marine x2  
  22  2:42  SCV  
  24  2:54  SCV  
  24  2:56  Marine x2  
  27  3:00  Orbital Command, Factory Tech Lab  
  27  3:03  Starport  
  27  3:17  Orbital Command  
  27  3:21  Siege Tank  
  30  3:38  Command Center  
  30  3:41  Liberator  
  30  3:46  SCV  
  30  3:47  SCV  
  35  3:53  Widow Mine  
  37  3:58  SCV  
  37  4:00  SCV  
  39  4:18  Barracks  
  39  4:20  Barracks  
  39  4:23  Barracks  
  39  4:24  Supply Depot, SCV x2  
  41  4:36  SCV x2, Engineering Bay  
  43  4:39  Engineering Bay  
  43  4:44  Refinery  
  43  4:46  Refinery  
  43  4:50  Orbital Command  
  43  4:53  SCV  
  43  4:56  SCV  
  45  5:05  SCV  
  46  5:08  SCV, Missile Turret  
  46  5:09  Missile Turret  
  47  5:14  Supply Depot  
  47  5:16  Barracks Tech Lab  
  47  5:17  Barracks Tech Lab  
  47  5:19  Starport Reactor  
  47  5:20  Barracks Reactor  
  47  5:25  SCV x3  
  50  5:33  Terran Infantry Weapons Level 1, Terran Infantry Armor Level 1  
  50  5:36  Stimpack  
  50  5:37  Combat Shield  
  50  5:41  SCV  
  51  5:44  SCV  
  51  5:45  SCV  
  54  5:57  SCV x3  
  56  6:09  SCV x3  
  56  6:11  Supply Depot  
  59  6:12  Supply Depot  
  59  6:16  Supply Depot  
  59  6:21  SCV x3  
  59  6:27  Marine  
  59  6:28  Marine x5  
  59  6:31  Medivac x2  
  69  6:33  SCV  
  69  6:38  Command Center  
  70  6:45  Marine x2  
  70  6:46  Marine x4  
  76  6:48  Command Center  
  74  6:56  Concussive Shells  
  74  6:59  Siege Tank  
  77  7:12  Armory  
  77  7:13  Armory  
  77  7:15  Barracks x2  
  77  7:16  Barracks  
  77  7:20  Barracks  
Show
View Real Time Build Order
Export as new Build Order

David Terran - Winner!

Build Orders:  

Get SALT Encoding   

  12  0:01  SCV  
  13  0:13  SCV  
  14  0:25  Supply Depot  
  14  0:31  Refinery  
  14  0:34  SCV  
  15  0:46  SCV  
  16  0:52  Barracks  
  16  1:06  SCV  
  17  1:39  Orbital Command  
  17  1:40  Barracks Reactor  
  17  1:47  Command Center  
  17  1:55  Bunker  
  17  2:02  Refinery  
  17  2:05  SCV  
  18  2:18  SCV, Marine x2  
  21  2:32  SCV  
  21  2:36  Marine  
  23  2:50  Factory  
  23  2:59  SCV, Marine  
  25  3:11  SCV  
  25  3:12  SCV  
  27  3:19  Supply Depot  
  27  3:23  SCV  
  27  3:24  SCV  
  29  3:35  SCV  
  29  3:36  SCV, Factory Reactor  
  29  3:39  Factory  
  31  3:43  Supply Depot  
  31  3:48  SCV  
  31  3:53  SCV  
  33  4:00  SCV  
  34  4:03  Marine x2  
  34  4:05  SCV  
  34  4:09  Bunker  
  37  4:12  SCV  
  38  4:17  SCV  
  38  4:20  Marine  
  38  4:21  Marine, Widow Mine  
  38  4:22  Widow Mine  
  45  4:24  SCV, Factory Tech Lab  
  46  4:32  Barracks  
  46  4:38  Marine x2  
  46  4:43  Supply Depot  
  48  4:56  Marine x2  
  50  5:07  Supply Depot  
  50  5:11  Widow Mine x2  
  54  5:17  Siege Tank  
  54  5:20  Barracks Tech Lab  
  57  5:24  Barracks  
  57  5:31  Bunker  
  57  5:32  Widow Mine x2  
  61  5:41  Combat Shield  
  61  5:49  Siege Tank  
  64  5:53  Widow Mine  
  64  5:54  Widow Mine  
  68  6:15  Widow Mine  
  68  6:16  Barracks Tech Lab  
  68  6:17  Command Center  
  70  6:20  Engineering Bay  
  70  6:48  Orbital Command  
  70  7:13  Supply Depot, Marine x2  
  70  7:17  Widow Mine  
  70  7:18  Marine x2  
  62  7:31  Marine x2  
  62  7:35  Supply Depot  
  62  7:36  Marine x2  
  77  7:58  Supply Depot  
Tags
 
Add a new tag
Caveats
  • Supply blocks, unpowered buildings, or Contaminate may cause inaccurate times.
  • Supply counts are checked every 10 seconds.